 Dungeon Crawl Stone Soup version 0.29-a0-962-gc8bbfd0a37 (webtiles) character file.

Game seed: 10078144946911917754

32 wolferwins the Cudgeller (level 3, 0/21 HPs)
             Began as a Gargoyle Gladiator on July 30, 2022.
             Slain by a river rat (2 damage)
             ... on level 3 of the Dungeon.
             The game lasted 00:08:08 (1724 turns).

wolferwins the Cudgeller (Gargoyle Gladiator)       Turns: 1724, Time: 00:08:09

Health: 0/21       AC:  8    Str: 17    XL:     3   Next: 27%
Magic:  3/3        EV: 12    Int:  8    God:
Gold:   111        SH:  0    Dex: 13    Spells: 2/2 levels left

rFire   . . .      SeeInvis .   a - +0 flail
rCold   . . .      Faith    .   (no shield)
rNeg    + . .      Spirit   .   b - +0 leather armour
rPois   ∞          Reflect  .   c - +0 helmet
rElec   +          Harm     .   (no cloak)
rCorr   .          Rampage  .   i - +0 pair of gloves
Will    .....                   (no boots)
Stlth   +.........              (no amulet)
HPRegen 0.07/turn               (no ring)
MPRegen 0.08/turn               (no ring)

@: no status effects
A: sickness immunity, AC +3, negative energy resistance 1, electricity
resistance, torment resistance 1, petrification resistance
a: no special abilities


You were on level 3 of the Dungeon.
You visited 1 branch of the dungeon, and saw 3 of its levels.

You collected 111 gold pieces.

Inventory:

Hand Weapons
 a - a +0 flail (weapon)
Missiles
 o - 4 boomerangs (quivered)
 q - 11 stones
Armour
 b - a +0 leather armour (worn)
 c - a +0 helmet (worn)
 i - a +0 pair of gloves (worn)
 s - the +1 leather armour of Aneipoca {rF+ rC- Int+10}
   (You found it on level 2 of the Dungeon)

   Int:       It affects your intelligence (+10).
   rF:        It protects you from fire.
   rC:        It makes you vulnerable to cold.
Jewellery
 n - a ring of willpower
 x - a ring of willpower
Wands
 u - a wand of roots (10)
Scrolls
 f - a scroll of blinking {unknown}
 h - a scroll of noise {unknown}
 j - a scroll of teleportation {unknown}
 k - a scroll of identify {unknown}
 m - a scroll of immolation {unknown}
 p - a scroll of enchant weapon {unknown}
 r - a scroll of silence {unknown}
 t - a scroll of enchant armour {unknown}
Potions
 g - 2 potions of curing {unknown}
 l - a potion of ambrosia {unknown}
 v - a potion of brilliance {unknown}
 w - a potion of flight {unknown}


   Skills:
 + Level 2.3 Fighting
 + Level 3.3 Maces & Flails
 * Level 2.2 Throwing
 + Level 0.2 Armour
 * Level 2.8 Dodging
 + Level 0.5 Stealth


You had 2 spell levels left.
You didn't know any spells.
Your spell library was empty.

Dungeon Overview and Level Annotations

Branches:
Dungeon (3/15)

Altars:
Ashenzari
Fedhas
Uskayaw


Innate Abilities, Weirdness & Mutations

You are immune to sickness and miasma.
Your stone body is resilient. (AC +3)
You are immune to poison.
You resist negative energy. (rN+)
You are resistant to electric shocks. (rElec)
You are resistant to unholy torment.
You are immune to petrification.


Message History

Press: ? - help, Q - select action, (/) - cycle Shift-Dir - straight line, f - river rat, p - river rat
Aim: a river rat (heavily wounded, 55% to hit)
You throw a throwing net. The throwing net hits the river rat.
The river rat is caught in the net!
The river rat is heavily wounded.
Throw: 2 throwing nets
Press: ? - help, Q - select action, (/) - cycle Shift-Dir - straight line, f/p - river rat
Aim: a river rat (heavily wounded, entangled in a net, 78% to hit)
Okay, then.
Throw: 4 boomerangs
Press: ? - help, Q - select action, (/) - cycle Shift-Dir - straight line, f/p - river rat
Aim: a river rat (heavily wounded, entangled in a net, 78% to hit)
You throw a boomerang. The boomerang hits the river rat.
The river rat is almost dead.
The river rat struggles against the net. x2
Throw: 4 boomerangs
Press: ? - help, Q - select action, (/) - cycle Shift-Dir - straight line, f - river rat, p - river rat
Aim: a river rat (moderately wounded, 55% to hit)
You throw a boomerang. The boomerang hits the river rat!
You kill the river rat!
Throw: 2 throwing nets
Press: ? - help, Q - select action, (/) - cycle Shift-Dir - straight line, f/p - river rat
Aim: a river rat (moderately wounded, 55% to hit)
You throw a throwing net.
The throwing net barely misses the river rat.
The river rat closely misses you.
Throw: throwing net
Press: ? - help, Q - select action, (/) - cycle Shift-Dir - straight line, f/p - river rat
Aim: a river rat (moderately wounded, 55% to hit)
You throw a throwing net.
The throwing net closely misses the river rat.
The throwing net barely misses the rat.
The river rat misses you.
Throw: 4 boomerangs
Press: ? - help, Q - select action, (/) - cycle Shift-Dir - straight line, f/p - river rat
Aim: a river rat (moderately wounded, 55% to hit)
You throw a boomerang. The boomerang hits the river rat.
The river rat is almost dead.
The river rat bites you.
You die...

#### #≈...
#≈...#
+≈≈...###
#≈≈..r.r#
≈≈≈≈...#r#
......##@#
≈..... #.#
..... #.#
##### #.#
#.# #.#
#.# #.#
#.##


You could see a river rat and a rat.

Vanquished Creatures
  A river rat (D:3)
  A worm (D:2)
  An endoplasm (D:1)
  A giant cockroach (D:2)
  2 goblins
  2 hobgoblins (D:1)
  2 quokkas (D:1)
  3 ball pythons
  A frilled lizard (D:1)
  8 rats
22 creatures vanquished.

Notes
Turn   | Place    | Note
-------+----------+-------------------------------------------
     0 | D:1      | wolferwins the Gargoyle Gladiator began the quest for the
                  | Orb.
     0 | D:1      | Reached XP level 1. HP: 12/12 MP: 1/1
   315 | D:1      | Reached XP level 2. HP: 3/17 MP: 2/2
  1491 | D:2      | Identified the +1 leather armour of Aneipoca {rF+ rC-
                  | Int+10}
  1532 | D:3      | Found a blossoming altar of Fedhas.
  1589 | D:3      | Found a broken altar of Ashenzari.
  1634 | D:3      | Found a hide-covered altar of Uskayaw.
  1711 | D:3      | Reached XP level 3. HP: 10/21 MP: 3/3
  1717 | D:3      | HP: 1/21 [river rat (1)]
  1724 | D:3      | Slain by a river rat

Illustrated notes

Levels and vault maps discovered:
D:1:      eino_arrival_cavern_a, layout_basic, minmay_rat_gold_closets
D:2:      layout_loops_ring
D:3:      minmay_roachtagon, layout_rooms, ashenzari_conservatory_becter,
          lemuel_crystal_altar, eat_drink_and_be_merry_uskayaw,
          portal_sewer_entry_e, amcnicky_altar_lugonu_corruption

Skill      XL: |  1  2 |
---------------+-------+-----
Throwing       | 2 |  2.2
Fighting       | |  2.3
Maces & Flails | |  3.3
Armour         | |  0.2
Dodging        | |  2.8
Stealth        | |  0.5

Action                   || total
-------------------------++-------
Melee: Flail             ||    49
       Punch             ||     1
Throw: Javelin           ||     2
       Boomerang         ||    12
       Throwing net      ||     3
Armor: Leather armour    ||    18
Dodge: Dodged            ||    28

Table legend: (Time is in decaauts)
 A = Elapsed time spent in this place.
 B = Non-inter-level travel time spent in this place.
 C = Inter-level travel time spent in this place.
 D = Time resting spent in this place.
 E = Time spent auto-exploring this place.
 F = Levels seen in this place.
 G = Mean time per level.
                   A        B        C        D        E       F      G
               +--------+--------+--------+--------+--------+-----+--------+
         Total |   1738 |   1666 |     72 |    450 |    923 |   3 |  579.3 |
       Dungeon |   1738 |   1666 |     72 |    450 |    923 |   3 |  579.3 |
               +--------+--------+--------+--------+--------+-----+--------+

Top non-repeatable levels by time:
     D:1: 1391 daAuts
     D:3: 196 daAuts
     D:2: 150 daAuts
